NYP
MILWAUKEE (NYP) BREWERS @ SALEM-KEIZER VOLCANOES
08/30/2048
 
TOP OF THE 1ST
Milwaukee (NYP) Brewers batting - Pitching for Salem-Keizer Volcanoes : LHP Robert Soto
Pitching: LHP Robert Soto
Batting: RHB Wiliama Dana 0-0: Foul Ball, location: 2F
0-1: Ball
1-1: Ball
2-1: Foul Ball, location: 2F
2-2: Ball
3-2: Foul Ball, location: 2F
3-2: Base on Balls
Batting: RHB Jeremy Harden 0-0: Ball
Wiliama Dana steals 2nd base
1-0: Swinging Strike
1-1: Swinging Strike
1-2: Strikes out swinging
Batting: RHB Alfredo Sena 0-0: Ball
1-0: Ball
2-0: Ground out U3 (Groundball, 34S, EV 85.6 MPH)
Wiliama Dana to third
Batting: LHB Karel Hort 0-0: Fly out, F8 (Flyball, 78M, EV 71.9 MPH)
Top of the 1st over - 0 runs, 0 hits, 0 errors, 1 left on base; Milwaukee (NYP) 0 - Salem-Keizer 0
BOTTOM OF THE 1ST
Salem-Keizer Volcanoes batting - Pitching for Milwaukee (NYP) Brewers : RHP Eddie Becerra
Pitching: RHP Eddie Becerra
Batting: RHB Vinny Torres 0-0: Foul Ball, location: 2F
0-1: Foul Ball, location: 2F
0-2: Foul Ball, location: 2F
0-2: Ball
1-2: Strikes out swinging
Batting: LHB Emilio Ortez 0-0: Foul Ball, location: 2F
0-1: Ball
1-1: Foul Ball, location: 2F
1-2: Strikes out swinging
Batting: LHB Oscar Tamayo 0-0: Called Strike
0-1: Ball
1-1: Ball
2-1: Called Strike
2-2: Ground out 6-3 (Groundball, 4, EV 87.5 MPH)
Bottom of the 1st over - 0 runs, 0 hits, 0 errors, 0 left on base; Milwaukee (NYP) 0 - Salem-Keizer 0
TOP OF THE 2ND
Milwaukee (NYP) Brewers batting - Pitching for Salem-Keizer Volcanoes : LHP Robert Soto
Batting: RHB Chris Fruit 0-0: Called Strike
0-1: Ball
1-1: Ball
2-1: Foul Ball, location: 2F
2-2: SOLO HOME RUN (Flyball, 7D, EV 106.2 MPH), Distance : 400 ft
Batting: RHB Tony Beaumond 0-0: Swinging Strike
0-1: Ground out 6-3 (Groundball, 6, EV 101.2 MPH)
Batting: SHB Robert Sayer 0-0: Foul Ball, location: 2F
0-1: SINGLE (Flyball, 6D, EV 83.8 MPH)
Batting: LHB Paul Collins 0-0: Called Strike
0-1: Ball
1-1: Ball
2-1: Fly out, F9 (Flyball, 9S, EV 88.1 MPH)
Batting: RHB Justin Marino 0-0: Called Strike
0-1: Ground out 2-3 (Groundball, 2L, EV 70.0 MPH)
Top of the 2nd over - 1 run, 2 hits, 0 errors, 1 left on base; Milwaukee (NYP) 1 - Salem-Keizer 0
BOTTOM OF THE 2ND
Salem-Keizer Volcanoes batting - Pitching for Milwaukee (NYP) Brewers : RHP Eddie Becerra
Batting: LHB Alex Larangho 0-0: Called Strike
0-1: SINGLE (Groundball, 4MD, EV 102.5 MPH)
Batting: RHB David Bibian 0-0: Ball
1-0: Foul Ball, location: 2F
1-1: Ball
2-1: Foul Ball, location: 2F
2-2: SINGLE (Line Drive, 7LS, EV 110.6 MPH)
Alex Larangho to second
Batting: RHB Ryan Roberts 0-0: Ball
1-0: Fielders Choice at 2nd, 5-4 (Groundball, 56, EV 85.0 MPH)
Alex Larangho to third
Batting: RHB Malik Sharpless 0-0: Ball
1-0: Ball
2-0: Called Strike
2-1: Foul Ball, location: 2F
2-2: Strikes out swinging
Batting: RHB Mario Gomez 0-0: Foul Ball, location: 2F
0-1: Ball
1-1: Fielders Choice at 2nd, 5-4 (Groundball, 56, EV 85.0 MPH)
Bottom of the 2nd over - 0 runs, 2 hits, 0 errors, 2 left on base; Milwaukee (NYP) 1 - Salem-Keizer 0
TOP OF THE 3RD
Milwaukee (NYP) Brewers batting - Pitching for Salem-Keizer Volcanoes : LHP Robert Soto
Batting: RHB Wiliama Dana 0-0: Ground out 1-3 (Groundball, 13, EV 69.4 MPH)
Batting: RHB Jeremy Harden 0-0: Ball
1-0: Ground out 5-3 (Groundball, 56, EV 88.1 MPH)
Batting: RHB Alfredo Sena 0-0: Ball
1-0: Called Strike
1-1: Swinging Strike
1-2: Ball
2-2: Ball
3-2: Base on Balls
Batting: LHB Karel Hort 0-0: Foul Ball, location: 2F
0-1: Ball
1-1: Ball
2-1: Ball
3-1: Swinging Strike
3-2: Base on Balls
Alfredo Sena to second
Batting: RHB Chris Fruit 0-0: Ground out 1-3 (Groundball, 13S, EV 67.5 MPH)
Top of the 3rd over - 0 runs, 0 hits, 0 errors, 2 left on base; Milwaukee (NYP) 1 - Salem-Keizer 0
BOTTOM OF THE 3RD
Salem-Keizer Volcanoes batting - Pitching for Milwaukee (NYP) Brewers : RHP Eddie Becerra
Batting: LHB Dennis Jones 0-0: Foul Ball, location: 2F
0-1: Ball
1-1: Swinging Strike
1-2: Ball
2-2: Foul Ball, location: 2F
2-2: Ball
3-2: Strikes out swinging
Batting: RHB Vinny Torres 0-0: Foul Ball, location: 2F
0-1: Foul Ball, location: 2F
0-2: Strikes out swinging
Batting: LHB Emilio Ortez 0-0: Swinging Strike
0-1: Ball
1-1: Ground out 6-3 (Groundball, 6MD, EV 88.8 MPH)
Bottom of the 3rd over - 0 runs, 0 hits, 0 errors, 0 left on base; Milwaukee (NYP) 1 - Salem-Keizer 0
TOP OF THE 4TH
Milwaukee (NYP) Brewers batting - Pitching for Salem-Keizer Volcanoes : LHP Robert Soto
Batting: RHB Tony Beaumond 0-0: Ball
1-0: Swinging Strike
1-1: SINGLE (Groundball, 5S, EV 67.5 MPH) (infield hit)
Batting: SHB Robert Sayer 0-0: Called Strike
0-1: Ball
1-1: Ball
2-1: Grounds into double play, 4-6-3 (Groundball, 4M, EV 81.9 MPH)
Batting: LHB Paul Collins 0-0: Ball
1-0: Ball
2-0: Ground out U3 (Groundball, 3L, EV 100.6 MPH)
Top of the 4th over - 0 runs, 1 hit, 0 errors, 0 left on base; Milwaukee (NYP) 1 - Salem-Keizer 0
BOTTOM OF THE 4TH
Salem-Keizer Volcanoes batting - Pitching for Milwaukee (NYP) Brewers : RHP Eddie Becerra
Batting: LHB Oscar Tamayo 0-0: Ball
1-0: Foul Ball, location: 2F
1-1: Foul Ball, location: 2F
1-2: Strikes out swinging
Batting: LHB Alex Larangho 0-0: Ball
1-0: Ball
2-0: Ball
3-0: Called Strike
3-1: Ground out 6-3 (Groundball, 6M, EV 105.6 MPH)
Batting: RHB David Bibian 0-0: Fly out, F9 (Line Drive, 9, EV 91.2 MPH)
Bottom of the 4th over - 0 runs, 0 hits, 0 errors, 0 left on base; Milwaukee (NYP) 1 - Salem-Keizer 0
TOP OF THE 5TH
Milwaukee (NYP) Brewers batting - Pitching for Salem-Keizer Volcanoes : LHP Robert Soto
Batting: RHB Justin Marino 0-0: Ball
1-0: Ball
2-0: Ground out 1-3 (Groundball, 34S, EV 71.2 MPH)
Batting: RHB Wiliama Dana 0-0: DOUBLE (Line Drive, 9LM, EV 109.4 MPH)
Batting: RHB Jeremy Harden 0-0: Called Strike
Wiliama Dana steals 3rd base
0-1: Ball
1-1: Ball
2-1: Ball
3-1: Base on Balls
Batting: RHB Alfredo Sena Balk!
Wiliama Dana scores
Jeremy Harden to second
0-0: Ball
1-0: Foul Ball, location: 2F
1-1: Ball
Wild Pitch!
Jeremy Harden to third
2-1: Ground out 2-3 (Groundball, 13S, EV 71.9 MPH)
Batting: LHB Karel Hort 0-0: Called Strike
0-1: Swinging Strike
0-2: Ball
1-2: Ball
2-2: SINGLE (Groundball, 34D, EV 105.0 MPH)
Jeremy Harden scores
Batting: RHB Chris Fruit 0-0: Called Strike
0-1: Ball
1-1: 2-RUN HOME RUN (Flyball, 9D, EV 95.6 MPH), Distance : 359 ft
Pitching: LHP Randy Monaco
Batting: RHB Tony Beaumond 0-0: Ground out 6-3 (Groundball, 56, EV 82.5 MPH)
Top of the 5th over - 4 runs, 3 hits, 0 errors, 0 left on base; Milwaukee (NYP) 5 - Salem-Keizer 0
BOTTOM OF THE 5TH
Salem-Keizer Volcanoes batting - Pitching for Milwaukee (NYP) Brewers : RHP Eddie Becerra
Batting: RHB Ryan Roberts 0-0: Fly out, F4 (Popup, 4M, EV 75.0 MPH)
Batting: RHB Malik Sharpless 0-0: Ball
1-0: Swinging Strike
1-1: Foul Ball, location: 2F
1-2: DOUBLE (Groundball, 3L, EV 110.0 MPH)
Batting: RHB Mario Gomez 0-0: Called Strike
0-1: Called Strike
0-2: Foul Ball, location: 2F
0-2: Ball
1-2: Foul Ball, location: 2F
1-2: Strikes out swinging
Batting: LHB Dennis Jones 0-0: Ball
1-0: Ball
2-0: Ball
3-0: Base on Balls
Batting: RHB Vinny Torres 0-0: Ball
1-0: Ball
2-0: DOUBLE (Groundball, 5L, EV 105.6 MPH)
Malik Sharpless scores
Dennis Jones to third
Batting: LHB Emilio Ortez 0-0: Swinging Strike
0-1: Foul Ball, location: 2F
0-2: Ball
1-2: Fly out, F8 (Flyball, 8LS, EV 75.0 MPH)
Bottom of the 5th over - 1 run, 2 hits, 0 errors, 2 left on base; Milwaukee (NYP) 5 - Salem-Keizer 1
TOP OF THE 6TH
Milwaukee (NYP) Brewers batting - Pitching for Salem-Keizer Volcanoes : LHP Randy Monaco
Batting: SHB Robert Sayer 0-0: Ground out 1-3 (Groundball, P, EV 73.1 MPH)
Batting: LHB Paul Collins 0-0: Foul Ball, location: 2F
0-1: Ball
1-1: Ball
2-1: Ball
3-1: SINGLE (Groundball, 34S, EV 65.6 MPH) (infield hit)
Batting: RHB Justin Marino 0-0: Called Strike
Paul Collins is caught stealing 2nd base 2-4
0-1: Foul Ball, location: 2F
0-2: Ball
1-2: SINGLE (Groundball, 3D, EV 99.4 MPH)
Batting: RHB Wiliama Dana 0-0: Ball
1-0: SINGLE (Line Drive, 89M, EV 106.2 MPH)
Justin Marino to second
Batting: RHB Jeremy Harden 0-0: Ball
1-0: Ball
2-0: Fly out, F7 (Flyball, 78M, EV 91.2 MPH)
Top of the 6th over - 0 runs, 3 hits, 0 errors, 2 left on base; Milwaukee (NYP) 5 - Salem-Keizer 1
BOTTOM OF THE 6TH
Salem-Keizer Volcanoes batting - Pitching for Milwaukee (NYP) Brewers : RHP Eddie Becerra
Batting: LHB Oscar Tamayo 0-0: Swinging Strike
0-1: Swinging Strike
0-2: Strikes out swinging
Batting: LHB Alex Larangho 0-0: Called Strike
0-1: Ball
1-1: Swinging Strike
1-2: Fly out, F2 (Popup, 15S, EV 86.2 MPH)
Batting: RHB David Bibian 0-0: Swinging Strike
0-1: Foul Ball, location: 2F
0-2: Ball
1-2: Foul Ball, location: 2F
1-2: Ball
2-2: Foul Ball, location: 2F
2-2: Foul Ball, location: 2F
2-2: Ball
3-2: Base on Balls
Pitching: RHP Jesus Cumba
Batting: RHB Ryan Roberts 0-0: Ball
1-0: Called Strike
1-1: Ball
David Bibian steals 2nd, throwing error, E2
David Bibian to third
2-1: Ball
3-1: Called Strike
3-2: Fly out, F9 (Flyball, 9, EV 91.2 MPH)
Bottom of the 6th over - 0 runs, 0 hits, 1 error, 1 left on base; Milwaukee (NYP) 5 - Salem-Keizer 1
TOP OF THE 7TH
Milwaukee (NYP) Brewers batting - Pitching for Salem-Keizer Volcanoes : LHP Randy Monaco
Batting: RHB Alfredo Sena 0-0: Fly out, F9 (Flyball, 89M, EV 88.8 MPH)
Batting: LHB Karel Hort 0-0: Ball
1-0: Foul Ball, location: 2F
1-1: Called Strike
1-2: Foul Ball, location: 2F
1-2: Strikes out swinging
Batting: RHB Chris Fruit 0-0: Called Strike
0-1: Foul Ball, location: 2F
0-2: Ball
1-2: Ball
2-2: Foul Ball, location: 2F
2-2: Foul Ball, location: 2F
2-2: Ball
3-2: Base on Balls
Batting: RHB Tony Beaumond 0-0: SINGLE (Line Drive, 34, EV 106.2 MPH)
Chris Fruit to second
Batting: SHB Robert Sayer 0-0: Called Strike
0-1: Swinging Strike
0-2: Ball
1-2: Hit by Pitch
Chris Fruit to third
Tony Beaumond to second
Batting: LHB Paul Collins 0-0: Ball
1-0: Ball
2-0: Called Strike
2-1: Foul Ball, location: 2F
2-2: Strikes out swinging
Top of the 7th over - 0 runs, 1 hit, 0 errors, 3 left on base; Milwaukee (NYP) 5 - Salem-Keizer 1
BOTTOM OF THE 7TH
Salem-Keizer Volcanoes batting - Pitching for Milwaukee (NYP) Brewers : RHP Jesus Cumba
Now at 1B: Drew Forbess
Batting: RHB Malik Sharpless 0-0: Ball
1-0: Called Strike
1-1: Ground out 5-3 (Groundball, 56S, EV 92.5 MPH)
Pinch Hitting: LHB Antonio Gutierrez 0-0: Ball
1-0: Foul Ball, location: 2F
1-1: Swinging Strike
1-2: Ball
2-2: Ball
3-2: SINGLE (Line Drive, 7S, EV 97.5 MPH)
Batting: LHB Dennis Jones 0-0: Called Strike
Antonio Gutierrez steals 2nd base
0-1: Ball
1-1: Foul Ball, location: 2F
1-2: Strikes out looking
Batting: RHB Vinny Torres 0-0: Called Strike
0-1: Foul Ball, location: 2F
0-2: Ball
1-2: Ball
2-2: Strikes out swinging
Bottom of the 7th over - 0 runs, 1 hit, 0 errors, 1 left on base; Milwaukee (NYP) 5 - Salem-Keizer 1
TOP OF THE 8TH
Milwaukee (NYP) Brewers batting - Pitching for Salem-Keizer Volcanoes : LHP Randy Monaco
Now at SS: Adrian Franz
Batting: RHB Justin Marino 0-0: Ball
1-0: Ball
2-0: Foul Ball, location: 2F
2-1: Swinging Strike
2-2: Strikes out looking
Batting: RHB Wiliama Dana 0-0: Foul Ball, location: 2F
0-1: Foul Ball, location: 2F
0-2: Strikes out looking
Batting: RHB Jeremy Harden 0-0: Swinging Strike
0-1: DOUBLE (Line Drive, 5D, EV 95.0 MPH)
Pitching: RHP Kip Connolly
Batting: RHB Alfredo Sena 0-0: Ball
1-0: Ball
2-0: DOUBLE (Flyball, 8LXD, EV 100.6 MPH)
Jeremy Harden scores
Batting: RHB Drew Forbess 0-0: Ground out 5-3 (Groundball, 5, EV 91.2 MPH)
Top of the 8th over - 1 run, 2 hits, 0 errors, 1 left on base; Milwaukee (NYP) 6 - Salem-Keizer 1
BOTTOM OF THE 8TH
Salem-Keizer Volcanoes batting - Pitching for Milwaukee (NYP) Brewers : RHP Jesus Cumba
Batting: LHB Emilio Ortez 0-0: Called Strike
0-1: Ball
1-1: Foul Ball, location: 2F
1-2: Foul Ball, location: 2F
1-2: Strikes out swinging, 2-3 out at first.
Batting: LHB Oscar Tamayo 0-0: Foul Ball, location: 2F
0-1: Ball
1-1: Called Strike
1-2: Strikes out looking
Batting: LHB Alex Larangho 0-0: Foul Ball, location: 2F
0-1: Foul Ball, location: 2F
0-2: Foul Ball, location: 2F
0-2: Foul Ball, location: 2F
0-2: Ball
1-2: Strikes out looking
Bottom of the 8th over - 0 runs, 0 hits, 0 errors, 0 left on base; Milwaukee (NYP) 6 - Salem-Keizer 1
TOP OF THE 9TH
Milwaukee (NYP) Brewers batting - Pitching for Salem-Keizer Volcanoes : RHP Kip Connolly
Batting: RHB Chris Fruit 0-0: Foul Ball, location: 2F
0-1: Fly out, F9 (Flyball, 9D, EV 100.0 MPH)
Batting: RHB Tony Beaumond 0-0: Swinging Strike
0-1: Called Strike
0-2: Foul Ball, location: 2F
0-2: Ball
1-2: SINGLE (Flyball, 5D, EV 96.9 MPH)
Batting: SHB Robert Sayer Pickoff Throw to First - Out! 1-3
0-0: Foul Ball, location: 2F
0-1: Fly out, F6 (Popup, P, EV 88.8 MPH)
Top of the 9th over - 0 runs, 1 hit, 0 errors, 0 left on base; Milwaukee (NYP) 6 - Salem-Keizer 1
BOTTOM OF THE 9TH
Salem-Keizer Volcanoes batting - Pitching for Milwaukee (NYP) Brewers : RHP Jesus Cumba
Batting: RHB David Bibian 0-0: Ball
1-0: Ball
2-0: SINGLE (Groundball, 4MD, EV 105.0 MPH) (infield hit)
Batting: RHB Ryan Roberts 0-0: Ball
1-0: Ball
2-0: Called Strike
2-1: Foul Ball, location: 2F
2-2: Strikes out looking
Batting: RHB Malik Sharpless 0-0: Called Strike
0-1: Foul Ball, location: 2F
0-2: DOUBLE (Line Drive, 3D, EV 97.5 MPH)
David Bibian to third
Pitching: LHP Tom Barone
Batting: RHB Adrian Franz 0-0: Called Strike
0-1: Swinging Strike
0-2: Strikes out looking
Pinch Hitting: RHB Armando Ramirez 0-0: Ground out U3 (Groundball, 23, EV 90.6 MPH)
Bottom of the 9th over - 0 runs, 2 hits, 0 errors, 2 left on base; Milwaukee (NYP) 6 - Salem-Keizer 1
Tuesday, March 28th , 2023 - OOTP Baseball 23.10 Build 110